 Dungeon Crawl Stone Soup version 0.29-a0-1047-g7c58e119a4 (webtiles) character file.

Game seed: 8610604392469195571

30 ytrimaz the Insei (level 3, 26/26 HPs)
             Began as a Demonspawn Transmuter on Aug 17, 2022.
             Was a Follower of Qazlal.
             Quit the game on level 1 of the Dungeon.
             The game lasted 00:00:54 (1448 turns).

ytrimaz the Insei (Demonspawn Transmuter)           Turns: 1448, Time: 00:00:55

Health: 26/26      AC:  2    Str: 10    XL:     3   Next: 3%
Magic:  6/6        EV: 12    Int: 16    God:    Qazlal [*.....]
Gold:   88         SH:  1    Dex: 13    Spells: 5/6 levels left

rFire   . . .      SeeInvis .     - Unarmed
rCold   . . .      Faith    .   (no shield)
rNeg    . . .      Spirit   .   a - +0 robe
rPois   .          Reflect  .   (helmet restricted)
rElec   .          Harm     .   (no cloak)
rCorr   .          Rampage  .   (no gloves)
Will    .....                   (no boots)
Stlth   +.........              (no amulet)
HPRegen 0.08/turn               (no ring)
MPRegen 0.10/turn               (no ring)

@: no status effects
A: horns 1, ignite blood 1
a: Renounce Religion


You were on level 1 of the Dungeon.
You worshipped Qazlal.
Qazlal was aware of your devotion.
You visited 1 branch of the dungeon, and saw 1 of its levels.

You collected 88 gold pieces.

Inventory:

Armour
 a - a +0 robe (worn)
Scrolls
 c - a scroll of brand weapon {unknown}
 e - a scroll of identify {unknown}
Potions
 b - a potion of lignification
 d - 2 potions of flight {unknown}
 f - a potion of mutation {unknown}


   Skills:
 - Level 1.0 Fighting
 + Level 2.1 Dodging
 + Level 3.6 Unarmed Combat
 - Level 2.0 Spellcasting
 - Level 1.8 Transmutations


You had 5 spell levels left.
You knew the following spells:

 Your Spells              Type           Power      Damage    Failure   Level
a - Beastly Appendage     Tmut           14%        N/A       10%         1

Your spell library contained the following spells:

 Spells                   Type           Power      Damage    Failure   Level
 Wereblood                Tmut           7%         N/A       16%         2
 Apportation              Tloc           2%         N/A       21%         1
 Spider Form              Tmut/Pois      4%         N/A       41%         3
 Ice Form                 Ice/Tmut       4%         N/A       82%         4
 Alistair's Intoxication  Tmut/Pois      2%         N/A       99%         5


Dungeon Overview and Level Annotations

Branches:
Dungeon (1/15)

Altars:
Qazlal


Innate Abilities, Weirdness & Mutations

You have a pair of small horns on your head.
Your demonic aura sometimes causes spilled blood to erupt in flames.


Message History

You open the door.
There is an open door here.
You open the door.
There is an open door here.
Found a mace.
Found a faded altar of an unknown god.
You now have 88 gold pieces (gained 9).
Found a short sword.
f - a clear potion
There is a faded altar of an unknown god here.
You open the door.
There is an open door here.
There is an open door here.
You see here a +0 short sword.
You open the door.
There is an open door here.
There is an open door here.
There is an open door here.
You open the door.
There is an open door here.
Done exploring.
Search for what [? for help]? altar
There is an open door here.
You open the door.
There is an open door here.
There is an open door here.
There is an open door here.
There is an open door here.
There is an open door here.
There is a faded altar of an unknown god here.
You cannot tell which god this altar belongs to.
Convert to them anyway?
Okay, then.
You cannot tell which god this altar belongs to.
Convert to them anyway?
Qazlal accepts your prayer! Qazlal welcomes you!
Qazlal grants you and your divine allies immunity to clouds.
You are now surrounded by a storm.
Unknown command.
Press < or > to pray at altars.
Are you sure you want to abandon this character and quit the game? (Confirm with "yes".)

#.# #...)..###.##.. #.#
##.....###.##.#
#.###########.#......##..
#................######.#
#############.#### #.# ### #.#
#.# ######.###### #.#
#8...#.#..^8#########.#
###.##@##.###..##.'.'.#
#.).........##....###.#
####^#.......#.##.#### #.#
#####..#8........^8##.######.#
#......####.....####.......#.#
#.........###..#....#.######.#
#..##.##..# #.##...)..# #..
#..##.##..# #.##....#.# #.#
#..##.##..# #.........# #..


There were no monsters in sight!

Vanquished Creatures
  A dart slug (D:1)
  A ball python (D:1)
  2 bats (D:1)
  4 endoplasms (D:1)
  3 goblins (D:1)
  3 hobgoblins (D:1)
  4 jackals (D:1)
  A kobold (D:1)
  A quokka (D:1)
  2 rats (D:1)
22 creatures vanquished.

Notes
Turn   | Place    | Note
-------+----------+-------------------------------------------
     0 | D:1      | ytrimaz the Demonspawn Transmuter began the quest for the
                  | Orb.
     0 | D:1      | Reached XP level 1. HP: 15/15 MP: 3/3
   263 | D:1      | Reached skill level 3 in Unarmed Combat
   431 | D:1      | Gained mutation: Your demonic aura sometimes causes spilled
                  | blood to erupt in flames. [demonic ancestry]
   431 | D:1      | Reached XP level 2. HP: 21/21 MP: 3/5
  1077 | D:1      | Mutation became permanent: You have a pair of small horns
                  | on your head. [demonic ancestry]
  1077 | D:1      | Gained mutation: You have a pair of horns on your head.
                  | [demonic ancestry]
  1077 | D:1      | Reached XP level 3. HP: 26/26 MP: 4/6
  1258 | D:1      | Found a faded altar of an unknown god.
  1447 | D:1      | Prayed at the altar of an unknown god.
  1447 | D:1      | Became a worshipper of Qazlal Stormbringer
  1447 | D:1      | Reached * piety under Qazlal
  1448 | D:1      | Quit the game

Illustrated notes

Levels and vault maps discovered:
D:1:      matt_arrival_los_fun, layout_loops_corners, serial_glass,
          glass_columns_b, glass_columns_a,
          shapermc_ecumenical_altar_mp_highgroup

Skill      XL: |  1  2 |
---------------+-------+-----
Unarmed Combat | 3 |  3.6
Dodging        | 2 |  2.1
Fighting       | |  1.0
Spellcasting   | |  2.0
Transmutations | |  1.8

Action                   || total
-------------------------++-------
Melee: Unarmed           ||    49
       Kick              ||    10
       Headbutt          ||     4
       Punch             ||     1
 Cast: Beastly Appendage ||    15
Armor: Robe              ||    11
Dodge: Dodged            ||    35

Table legend: (Time is in decaauts)
 A = Elapsed time spent in this place.
 B = Non-inter-level travel time spent in this place.
 C = Inter-level travel time spent in this place.
 D = Time resting spent in this place.
 E = Time spent auto-exploring this place.
 F = Levels seen in this place.
 G = Mean time per level.
                   A        B        C        D        E       F      G
               +--------+--------+--------+--------+--------+-----+--------+
         Total |   1445 |   1379 |     66 |      0 |   1213 |   1 | 1445.0 |
       Dungeon |   1445 |   1379 |     66 |      0 |   1213 |   1 | 1445.0 |
               +--------+--------+--------+--------+--------+-----+--------+

Top non-repeatable levels by time:
     D:1: 1445 daAuts
